Map: Dusk Towers

Players

LilDicky - Winner!

  • Race: Terran Terran
  • League: Diamond

avilo

  • Race: Terran Terran
  • League: Gold

VOD

http://www.twitch.tv/tumescentpie

Description

Time

  • Played on: Dec. 8, 2015, 1:26 p.m.
  • Length: 7:47
Show
View Real Time Build Order
Export as new Build Order

LilDicky Terran - Winner!

Build Orders: 1/1/1, Banshee Rush 

Get SALT Encoding   

  12  0:03  SCV  
  13  0:15  SCV  
  13  0:19  Supply Depot  
  14  0:27  SCV  
  15  0:30  Refinery  
  15  0:41  SCV  
  16  0:45  Barracks  
  16  0:53  SCV  
  17  1:05  SCV  
  18  1:17  SCV  
  19  1:30  Refinery  
  20  1:33  Supply Depot, Marine  
  20  1:38  Factory  
  20  1:39  Orbital Command  
  20  1:53  Marine  
  21  2:04  SCV  
  22  2:11  Marine  
  23  2:17  SCV  
  24  2:23  Factory Tech Lab  
  24  2:24  Starport  
  24  2:28  Marine  
  25  2:36  SCV  
  26  2:48  SCV  
  26  2:49  Supply Depot  
  27  2:52  Widow Mine  
  29  3:02  SCV  
  30  3:05  Cloaking Field  
  30  3:10  Supply Depot, Banshee  
  33  3:14  SCV  
  33  3:15  Engineering Bay, Marine  
  35  3:27  SCV  
  36  3:30  Factory Tech Lab  
  36  3:36  Marine  
  36  3:39  SCV  
  38  3:43  Missile Turret  
  38  3:45  Supply Depot  
  38  3:48  Siege Tank  
  41  3:51  SCV  
  41  3:54  Marine  
  43  3:58  Banshee  
  46  4:03  SCV  
  47  4:11  Marine  
  47  4:15  SCV  
  47  4:16  Supply Depot  
  49  4:20  Siege Tank  
  52  4:33  Liberator  
  49  4:47  SCV  
  49  4:52  Siege Tank  
  56  4:59  SCV  
  57  5:03  Command Center  
  57  5:11  SCV  
  58  5:41  Marine  
  59  5:49  Missile Turret x3  
  59  5:52  Siege Tank  
  59  5:53  Banshee  
  50  6:14  Marine  
  37  6:46  Marine  
  35  6:59  Banshee  
  35  7:01  SCV  
  35  7:02  Siege Tank  
  35  7:04  Marine  
  36  7:21  SCV  
  36  7:22  Marine  
  35  7:29  Command Center  
Show
View Real Time Build Order
Export as new Build Order

avilo Terran 

Build Orders:  

Get SALT Encoding   

  12  0:13  SCV  
  13  0:26  SCV  
  14  0:31  Supply Depot  
  14  0:42  SCV  
  15  0:53  Barracks  
  15  0:57  SCV, Refinery  
  16  1:09  SCV  
  17  1:22  SCV  
  18  1:39  Orbital Command  
  18  1:40  Marine  
  19  1:53  Command Center  
  20  2:03  Factory  
  20  2:06  SCV  
  21  2:17  Marine  
  21  2:19  SCV  
  22  2:33  SCV  
  22  2:38  Barracks Reactor  
  22  2:45  Refinery  
  23  2:51  SCV  
  23  2:54  Engineering Bay  
  23  2:55  Starport  
  23  3:03  Factory Tech Lab  
  23  3:05  SCV  
  24  3:12  Orbital Command  
  24  3:16  Marine x2  
  24  3:17  SCV  
  27  3:22  Missile Turret  
  27  3:34  SCV  
  27  3:36  Marine x2  
  27  3:38  Siege Tank  
  33  3:53  Command Center  
  33  3:56  Marine  
  33  3:57  Marine  
  35  4:04  Supply Depot  
  35  4:09  Medivac  
  37  4:12  SCV  
  38  4:19  Marine x2  
  38  4:21  Siege Tank  
  38  4:23  SCV  
  43  4:39  Marine x2  
  45  4:48  Terran Infantry Weapons Level 1, Starport Reactor  
  45  4:49  SCV x2  
  45  4:52  Refinery  
  47  5:08  SCV, Barracks  
  47  5:09  Factory Tech Lab  
  47  5:11  Barracks  
  45  5:28  Marine  
  45  5:33  Viking  
  46  5:38  SCV x2  
  48  5:46  Marine  
  49  5:53  SCV x2  
  49  6:06  Marine x2  
  49  6:07  Medivac  
  28  7:13  Marine x2  
  28  7:15  SCV  
Tags
 
Add a new tag
Caveats
  • Supply blocks, unpowered buildings, or Contaminate may cause inaccurate times.
  • Supply counts are checked every 10 seconds.